 Dungeon Crawl Stone Soup version 0.30.1 (webtiles) character file.

Game seed: 13725147217800972773

203540 cdecastro the Shatterer (level 18, -1/198 HPs)
             Began as a Troll Fighter on July 13, 2023.
             Was the Champion of the Shining One.
             Slain by a naga warrior
             ... wielding a +0 trident
              (28 damage)
             ... on level 4 of the Snake Pit.
             The game lasted 02:00:55 (32088 turns).

cdecastro the Shatterer (Troll Fighter)            Turns: 32088, Time: 02:00:55

Health: -1/198     AC: 16    Str: 37    XL:     18   Next: 36%
Magic:  19/19      EV: 12    Int:  6    God:    the Shining One [******]
Gold:   2554       SH: 11    Dex: 25    Spells: 17/17 levels left

rFire   . . .        a - +9 flail of Zexupt {spect, rCorr Dex+4 SInv}
rCold   . . .        q - +0 kite shield
rNeg    + + +        r - +0 swamp dragon scales
rPois   +            v - +3 crown of Dyrovepreva {rElec Int+2 SInv}
rElec   +            p - +1 cloak
rCorr   +            (gloves unavailable)
SInv    +            (boots unavailable)
Will    ++...        f - amulet of regeneration
Stlth   +            k - +6 ring of dexterity
HPRegen 2.13/turn    l - ring of Xiwniu {Will+ Str+8}
MPRegen 0.16/turn

%: no passive effects
@: glowing, constricted
A: large, unfitting armour, claws 3, regeneration 1, shaggy fur 1, tough skin 1
a: Renounce Religion, Divine Shield, Cleansing Flame, Summon Divine Warrior


You were on level 4 of the Snake Pit.
You worshipped the Shining One.
The Shining One was exalted by your worship.
You visited 6 branches of the dungeon, and saw 31 of its levels.
You also visited: Ice Cave and Volcano.

You collected 3862 gold pieces.
You spent 1308 gold pieces at shops.

Inventory:

Hand Weapons
 a - the +9 flail of Zexupt (weapon) {spect, rCorr Dex+4 SInv}
   (You found it on level 5 of the Dungeon)

   Dex:       It affects your dexterity (+4).
   SInv:      It lets you see invisible.
   rCorr:     It protects you from acid and corrosion.
 b - the +8 whip "Snakebite" {venom, curare, rPois}
   (You found it on level 9 of the Dungeon)

   rPois:     It protects you from poison.
 K - a +6 giant spiked club of holy wrath
Missiles
 e - a silver boomerang
 y - 2 throwing nets
 E - 16 curare-tipped darts (quivered)
 F - 15 boomerangs
 S - 9 atropa-tipped darts
 V - 30 large rocks
 X - 9 silver javelins
Armour
 p - a +1 cloak (worn)
 q - a +0 kite shield (worn)
 r - +0 swamp dragon scales (worn)
 v - the +3 crown of Dyrovepreva (worn) {rElec Int+2 SInv}
   (You found it on level 9 of the Dungeon)

   Int:       It affects your intelligence (+2).
   rElec:     It insulates you from electricity.
   SInv:      It lets you see invisible.
Jewellery
 f - an amulet of regeneration (around neck)
 k - a +6 ring of dexterity (left claw)
 l - the ring of Xiwniu (right claw) {Will+ Str+8}
   (You found it in an ice cave)

   [ring of willpower]

   Str:       It affects your strength (+8).
   Will:      It increases your willpower.
 n - a ring of fire
 B - a ring of poison resistance
 C - a ring of protection from fire
 N - a ring of willpower
 P - a ring of protection from cold
Wands
 c - a wand of digging (23)
 g - a wand of roots (28)
 m - a wand of mindburst (31)
 D - a wand of acid (14)
 L - a wand of paralysis (54)
 R - a wand of flame (65)
 Y - a wand of polymorph (7)
Scrolls
 h - 8 scrolls of teleportation
 i - 4 scrolls of fear
 s - a scroll of silence
 x - 5 scrolls of immolation
 H - 2 scrolls of poison
 I - 5 scrolls of magic mapping
 J - a scroll of brand weapon
 M - 2 scrolls of enchant armour
 O - a scroll of summoning
 Q - 7 scrolls of fog
 Z - 2 scrolls of vulnerability
Potions
 d - 5 potions of might
 j - 2 potions of cancellation
 o - 4 potions of attraction
 t - a potion of resistance
 u - 5 potions of heal wounds
 w - 6 potions of flight
 z - 3 potions of haste
 A - 11 potions of curing
 G - 4 potions of lignification
 W - 3 potions of berserk rage
Miscellaneous
 T - a lightning rod (4/4)
 U - a box of beasts


   Skills:
 - Level 16.7 Fighting
 * Level 21.3 Maces & Flails
 - Level 8.0 Throwing
 - Level 6.0 Armour
 - Level 9.1 Dodging
 - Level 2.6 Shields
 + Level 3.3 Invocations


You had 17 spell levels left.
You didn't know any spells.
Your spell library contained the following spells:

 Spells                   Type           Power      Damage    Failure   Level
 Magic Dart               Conj           0%         1d3       75%         1
 Sandblast                Erth           0%         2d4       75%         1
 Shock                    Conj/Air       0%         1d3       75%         1
 Call Imp                 Summ           0%         N/A       86%         2
 Ensorcelled Hibernation  Hex/Ice        0%         N/A       86%         2
 Passwall                 Tmut/Erth      0%         N/A       86%         2
 Sublimation of Blood     Necr           0%         N/A       86%         2
 Gell's Gravitas          Tloc           0%         N/A       98%         3
 Inner Flame              Hex/Fire       0%         N/A       98%         3
 Mephitic Cloud           Conj/Pois/Air  0%         N/A       98%         3
 Spider Form              Tmut/Pois      0%         N/A       98%         3
 Stone Arrow              Conj/Erth      0%         3d7       98%         3
 Summon Guardian Golem    Hex/Summ       0%         N/A       98%         3
 Swiftness                Air            0%         N/A       98%         3
 Teleport Other           Tloc           0%         N/A       98%         3
 Airstrike                Air            0%         2d(0-16)  100%        4
 Anguish                  Hex/Necr       0%         N/A       100%        4
 Cause Fear               Hex            0%         N/A       100%        4
 Flame Wave               Conj/Fire      0%         2d4       100%        4
 Petrify                  Tmut/Erth      0%         N/A       100%        4
 Sticky Flame             Conj/Fire      0%         2d3       100%        4
 Irradiate                Conj/Tmut      0%         3d11      100%        5
 Metabolic Englaciation   Hex/Ice        0%         N/A       100%        5
 Summon Forest            Summ/Tloc      0%         N/A       100%        5
 Summon Mana Viper        Hex/Summ       0%         N/A       100%        5
 Dispersal                Tloc           0%         N/A       100%        6
 Statue Form              Tmut/Erth      0%         N/A       100%        6
 Summon Cactus Giant      Summ           0%         N/A       100%        6
 Enfeeble                 Hex            0%         N/A       100%        7
 Orb of Destruction       Conj           0%         9d5       100%        7
 Spellforged Servitor     Conj/Summ      0%         N/A       100%        7
 Borgnjor's Revivificati  Necr           0%         N/A       100%        8
 Necromutation            Tmut/Necr      0%         N/A       100%        8
 Death's Door             Necr           0%         N/A       100%        9


Dungeon Overview and Level Annotations

Branches:
Dungeon (15/15)            Temple (1/1) D:6            Lair (5/5) D:9
  Swamp (4/4) Lair:3        Snake (4/4) Lair:3        Slime (0/5) Lair:4
    Orc (2/2) D:12            Elf (0/3) Orc:2        Vaults (0/5) D:14
 Depths (0/4) D:15          IceCv (visited)         Volcano (visited)

Altars:
Ashenzari
Cheibriados
Dithmenos
Elyvilon
Fedhas
Gozag
Hepliaklqana
Kikubaaqudgha
Makhleb
Nemelex Xobeh
Okawaru
Qazlal
Ru
Sif Muna
Trog
Uskayaw
Vehumet
Wu Jian
Xom
Yredelemnul
Zin
The Shining One

Shops:
D:2 ?   D:13 *   Orc:2 =*=(   Snake:3 !!:(

Portals:
Trove: D:14 (show abyssal rune of Zot)

Annotations:
Lair:3 2 transporters
Swamp:3 3 runed translucent doors, LynnLen's ghost, adept SpEn; Zoigrime's ghost, adept FoFi; sheffield53's ghost, journeyman MiBe
Swamp:4 Lernaean hydra


Innate Abilities, Weirdness & Mutations

You are too large for most types of armour.
You have claws for hands.
Your natural rate of healing is unusually fast.
You are covered in fur. (AC +1)
You have tough skin. (AC +1)


Message History

The naga no longer looks unusually strong.
The naga loses its grip on you.
Unknown command.
Unknown command.
You feel sick.
The naga warrior no longer looks unusually strong.
The naga mage gestures at something while chanting.
The naga warrior spits poison at you. The splash of poison hits you.
* * * LOW HITPOINT WARNING * * *
Things that are here:
a +0 arbalest; a +0 hand axe You feel sick.
The naga no longer looks unusually strong.
The naga mage casts a spell at the naga.
The naga seems to grow toxic.
The naga warrior spits poison at you. You block the splash of poison.
Things that are here:
a +0 halberd; a +0 robe; a naga corpse You hit the naga.
Your attack snaps the naga out of its fear.
The naga is moderately wounded.
You feel sick.
You are no longer poisoned.
The naga misses you. The naga grabs you. The naga constricts you.
* * * LOW HITPOINT WARNING * * *
You hit the naga.
The naga is heavily wounded.
The naga spits poison at you.
The splash of poison hits you but does no damage.
You resist. The naga constricts you.
* * * LOW HITPOINT WARNING * * *
Unknown command.
You thump the naga!
The naga is almost dead.
You block the naga's attack. The naga constricts you.
The naga mage gestures at something while chanting.
The naga warrior hits you from afar with a +0 trident!!
You die...

...... #..#
#.#.#########..#
#...........#..#
....#<#######...<#
## #.# #.##.# #.#
#.##)# #+# #.##)#
#.##N# ..##@#
..##)# ## #N#
.######N##
.....ยง.N.#
.........#
.........#
.........#
#...S....#


You could see a naga warrior (strong, curare, catching breath), a naga mage
(strong) and 2 nagas.

Vanquished Creatures
  Bai Suzhen (Swamp:4)
  A kraken (Swamp:2)
  Gastronok (Lair:1)
  A frost giant (D:15)
  2 nagarajas
  A draconian knight (IceCv)
  Louise (Swamp:4)
  4 ghouls (Swamp:3)
  A very ugly thing (Swamp:4)
  An orc warlord (Orc:1)
  7 eleionomae
  5 white draconians (IceCv)
  Snorg (Lair:5)
  16 hydras
  A shambling mangrove (Swamp:3)
  A fire dragon (Volcano)
  A vault guard (D:14)
  5 ogre magi
  Erica (D:8)
  13 anacondas
  5 centaur warriors
  6 alligators
  4 boulder beetles
  2 catoblepae
  19 two-headed ogres
  A deep troll shaman (Lair:5)
  7 death yaks (Lair:5)
  13 naga warriors
  3 tengu warriors
  5 naga sharpshooters
  Sonja (D:11)
  8 shock serpents
  A fire crab (D:14)
  4 skeletal warriors (D:15)
  Amaemon (D:8)
  5 goliath frogs
  11 swamp dragons
  4 spriggan druids
  14 bog bodies
  An orange crystal statue (IceCv)
  6 naga ritualists
  5 lindwurms
  22 ugly things
  2 orc knights
  8 mana vipers
  2 deep elf pyromancers
  3 salamanders
  6 cyclopes
  An orc sorcerer (Orc:1)
  6 manticores
  5 will-o-the-wisps
  26 elephants
  2 moths of wrath (shapeshifter)
  4 guardian serpents
  Maurice (D:11)
  3 storm dragon simulacra (IceCv)
  15 naga magi
  11 cane toads
  38 black mambas
  A gargoyle (D:10)
  An orange demon (D:8)
  3 spectral sea snakes (Snake:3)
  A kobold demonologist (D:10)
  An unseen horror (D:11)
  An anaconda simulacrum (Snake:3)
  4 rime drakes
  9 komodo dragons
  An efreet (D:14)
  2 tengu conjurers (D:14)
  A sea snake skeleton (Snake:3)
  7 tyrant leeches
  6 golden dragon simulacra (IceCv)
  A bloated husk (Swamp:4)
  5 polar bears
  5 hornets
  6 meliai (D:14)
  8 trolls
  A spectral guardian serpent (Snake:3)
  6 dream sheep
  18 blink frogs
  2 vampires
  2 jumping spiders (D:9)
  4 shadows (D:10)
  3 slime creatures (D:13)
  59 yaks
  A guardian serpent skeleton (Snake:3)
  4 spriggans
  2 wraiths (D:10)
  8 wyverns
  7 basilisks
  12 fire bats (Volcano)
  2 redbacks (D:9)
  A redback (shapeshifter) (D:14)
  3 steam dragons
  10 vampire mosquitoes
  25 nagas
  Menkaure (D:4)
  17 water moccasins
  A warg (Orc:2)
  17 swamp worms
  4 acid dragons
  3 hell hounds (Volcano)
  A naga skeleton (Snake:3)
  23 orc warriors
  4 guardian serpent simulacra (Snake:3)
  2 ice beasts
  2 sky beasts
  6 swamp drakes
  4 ice dragon simulacra (IceCv)
  A black bear (Lair:2)
  32 ogres
  23 wolves
  5 centaurs
  2 phantoms
  3 kobold brigands
  12 bullfrogs
  Blork the orc (D:6)
  3 gnoll sergeants
  5 scorpions
  2 naga simulacra (Snake:3)
  5 wights (D:6)
  6 jellies
  3 killer bees (D:9)
  3 spectral nagas (Snake:3)
  8 lindwurm simulacra (IceCv)
  3 vampire bats (D:13)
  3 howler monkeys
  7 lava snakes
  13 orc priests
  A gnoll bouda (D:8)
  3 hounds (D:5)
  Jessica (D:2)
  2 sleepcaps
  Ijyb (D:4)
  2 iguanas
  34 orc wizards
  Robin (D:4)
  21 gnolls
  7 adders
  A white imp (D:4)
  An ufetubus (D:6)
  2 worms
  3 dart slugs
  53 orcs
  6 bats
  2 bat skeletons (D:13)
  3 bat zombies (D:13)
  12 endoplasms
  2 giant cockroaches
  10 goblins
  6 hobgoblins
  4 jackals (D:1)
  8 kobolds
  4 quokkas
  8 ball pythons
  A frilled lizard (D:1)
  6 rats
  3 tentacles (Swamp:2)
1012 creatures vanquished.

Vanquished Creatures (collateral kills)
  Jorgrun (D:14)
1 creature vanquished.

Vanquished Creatures (others)
  3 bloated husks
  A swamp worm (Swamp:4)
  10 foxfires
  23 spectral weapons
  9 tentacles (Swamp:2)
46 creatures vanquished.

Grand Total: 1059 creatures vanquished

Notes
Turn   | Place    | Note
-------+----------+-------------------------------------------
     0 | D:1      | cdecastro the Troll Fighter began the quest for the Orb.
     0 | D:1      | Reached XP level 1. HP: 22/22 MP: 0/0
    35 | D:1      | Reached skill level 2 in Maces & Flails
    38 | D:1      | Reached XP level 2. HP: 27/29 MP: 1/1
   210 | D:1      | Reached XP level 3. HP: 37/37 MP: 2/2
   575 | D:2      | Found Hupof's Magic Scroll Shoppe.
   582 | D:2      | Bought a scroll of identify for 24 gold pieces
  1146 | D:2      | Noticed Jessica
  1153 | D:2      | Killed Jessica
  1154 | D:2      | Reached XP level 4. HP: 46/48 MP: 3/3
  1337 | D:2      | Bought a scroll of teleportation for 36 gold pieces
  1933 | D:4      | Reached skill level 3 in Maces & Flails
  1933 | D:4      | Reached XP level 5. HP: 39/54 MP: 4/4
  1960 | D:4      | Noticed a centaur
  1975 | D:4      | Killed a centaur
  1989 | D:4      | Noticed Menkaure
  2003 | D:4      | Killed Menkaure
  2004 | D:4      | Reached skill level 5 in Fighting
  2004 | D:4      | Reached XP level 6. HP: 40/66 MP: 5/5
  2362 | D:4      | Noticed Robin
  2362 | D:4      | Noticed Ijyb
  2370 | D:5      | Entered Level 5 of the Dungeon
  2460 | D:4      | Killed Ijyb
  2513 | D:4      | Killed Robin
  2514 | D:4      | Reached skill level 4 in Maces & Flails
  2636 | D:4      | Reached XP level 7. HP: 68/74 MP: 6/6
  3287 | D:4      | Reached skill level 5 in Maces & Flails
  3287 | D:4      | Reached XP level 8. HP: 39/84 MP: 7/7
  3736 | D:5      | Identified the +9 flail of Zexupt {spect, rCorr Dex+4 SInv}
  3995 | D:6      | Found a staircase to the Ecumenical Temple.
  4036 | Temple   | Entered the Ecumenical Temple
  4305 | Temple   | Became a worshipper of the Shining One
  4411 | D:6      | Noticed Blork the orc
  4444 | D:6      | Killed Blork the orc
  4454 | D:6      | Reached skill level 6 in Maces & Flails
  4778 | D:6      | Reached XP level 9. HP: 97/97 MP: 8/8
  5337 | D:6      | Reached * piety under the Shining One
  5679 | D:7      | Found an ancient bone altar of Kikubaaqudgha.
  5782 | D:7      | Identified the +1 leather armour of Impish Fun {rC++}
  5869 | D:7      | Reached skill level 7 in Maces & Flails
  5952 | D:7      | Found a snail-covered altar of Cheibriados.
  5952 | D:7      | Found a shadowy altar of Dithmenos.
  5952 | D:7      | Found a stormy altar of Qazlal.
  5952 | D:7      | Found an ornate altar of the Wu Jian Council.
  5970 | D:7      | Found a radiant altar of Vehumet.
  5975 | D:7      | Found a sacrificial altar of Ru.
  6261 | D:8      | Noticed Erica
  6275 | D:8      | Killed Erica
  6276 | D:8      | Reached skill level 10 in Fighting
  6306 | D:8      | Reached XP level 10. HP: 111/111 MP: 9/9
  6318 | D:8      | Reached skill level 8 in Maces & Flails
  6402 | D:8      | Noticed a deep elf pyromancer
  6404 | D:8      | Identified the ring of the Histrionic God {rPois rN+ Int-5
                  | Dex+6}
  6404 | D:8      | Noticed a centaur warrior
  6406 | D:8      | Noticed a deep elf pyromancer
  6687 | D:8      | Noticed a black mamba
  6722 | D:8      | Found a shimmering blue altar of Sif Muna.
  6925 | D:8      | Noticed Amaemon
  6925 | D:8      | Reached ** piety under the Shining One
  6938 | D:8      | Killed Amaemon
  6939 | D:8      | Reached skill level 9 in Maces & Flails
  6939 | D:8      | Noticed an orange demon
  6942 | D:8      | Killed an orange demon
  7147 | D:8      | Noticed a death drake
  7215 | D:8      | Reached XP level 11. HP: 107/123 MP: 10/10
  7468 | D:9      | Noticed a centaur warrior
  7475 | D:9      | Killed a centaur warrior
  7621 | D:9      | Found a staircase to the Lair.
  7646 | D:9      | Found a runed translucent door.
  7904 | D:9      | Found the +3 crown of Dyrovepreva {rElec Int+2 SInv}
  7914 | D:9      | Found the +8 whip "Snakebite" {venom, curare, rPois}
  7955 | D:10     | Entered Level 10 of the Dungeon
  8133 | D:10     | Reached *** piety under the Shining One
  8144 | D:10     | Reached skill level 10 in Maces & Flails
  8234 | D:10     | Noticed a two-headed ogre
  8241 | D:10     | Killed a two-headed ogre
  8318 | D:10     | Noticed a two-headed ogre
  8413 | D:10     | Noticed a two-headed ogre
  8413 | D:10     | Noticed a deep elf pyromancer
  8441 | D:10     | Noticed a catoblepas
  8929 | D:11     | Reached skill level 1 in Throwing
  8978 | D:11     | Reached **** piety under the Shining One
  8995 | D:11     | Noticed Sonja
  8995 | D:11     | Noticed an ogre mage
  9014 | D:11     | Killed an ogre mage
  9028 | D:11     | Killed Sonja
  9055 | D:11     | Noticed a two-headed ogre
  9066 | D:11     | Killed a two-headed ogre
  9067 | D:11     | Reached XP level 12. HP: 126/136 MP: 11/11
  9125 | D:11     | Noticed a two-headed ogre
  9140 | D:11     | Killed a two-headed ogre
  9207 | D:11     | Reached skill level 5 in Throwing
  9317 | D:11     | Noticed a two-headed ogre
  9318 | D:11     | Noticed Maurice
  9334 | D:11     | Killed a two-headed ogre
  9339 | D:11     | Killed Maurice
  9547 | D:11     | Noticed a two-headed ogre
  9555 | D:11     | Killed a two-headed ogre
  9873 | D:12     | Noticed a centaur warrior
  9881 | D:12     | Killed a centaur warrior
 10425 | D:12     | Found a staircase to the Orcish Mines.
 10877 | D:2      | Bought a scroll of fog for 48 gold pieces
 10877 | D:2      | Bought a scroll of identify for 24 gold pieces
 10877 | D:2      | Bought a scroll of enchant armour for 90 gold pieces
 10877 | D:2      | Bought a scroll of noise for 12 gold pieces
 10877 | D:2      | Bought a scroll of amnesia for 48 gold pieces
 10877 | D:2      | Bought a scroll of magic mapping for 90 gold pieces
 11301 | D:13     | Found Inyhiv's Fire Supplies.
 11459 | D:13     | Noticed a centaur warrior
 11462 | D:13     | Killed a centaur warrior
 11505 | D:13     | Noticed a boulder beetle
 11517 | D:13     | Killed a boulder beetle
 11667 | D:13     | Found an ancient bone altar of Kikubaaqudgha.
 11970 | D:14     | Noticed a centaur warrior
 12013 | D:14     | Killed a centaur warrior
 12035 | D:14     | Reached XP level 13. HP: 124/146 MP: 12/12
 12045 | D:14     | Reached ***** piety under the Shining One
 12058 | D:14     | Noticed Jorgrun
 12133 | D:14     | Killed Jorgrun
 12134 | D:14     | Reached skill level 5 in Dodging
 12174 | D:14     | Found a portal to a secret trove of treasure.
 12207 | D:14     | Reached skill level 1 in Armour
 12209 | D:14     | Reached skill level 11 in Maces & Flails
 12524 | D:14     | Identified the +0 pair of gloves of Ystoazarch {Str+6
                  | Stlth-}
 12555 | D:14     | Identified the +1 flail of Evil {freeze, rN+ Stlth+}
 12618 | D:14     | Found a gate to the Vaults.
 12674 | D:14     | Found a sacrificial altar of Ru.
 12849 | D:15     | Entered Level 15 of the Dungeon
 13364 | D:15     | Found a shadowy altar of Dithmenos.
 13497 | D:15     | Reached skill level 5 in Armour
 13895 | D:15     | Found a staircase to the Depths.
 13895 | D:15     | Noticed a frost giant
 13907 | D:15     | Killed a frost giant
 13908 | D:15     | Reached skill level 12 in Maces & Flails
 14381 | Lair:1   | Entered Level 1 of the Lair of Beasts
 14465 | Orc:1    | Entered Level 1 of the Orcish Mines
 14691 | Orc:2    | Entered Level 2 of the Orcish Mines
 14735 | Orc:2    | Reached XP level 14. HP: 146/156 MP: 13/13
 14898 | Lair:1   | Noticed Gastronok
 14935 | Lair:1   | Killed Gastronok
 15450 | Lair:1   | Reached skill level 13 in Maces & Flails
 16395 | Lair:2   | Reached ****** piety under the Shining One
 17035 | Lair:3   | Reached skill level 14 in Maces & Flails
 17107 | Lair:3   | Reached skill level 15 in Fighting
 17156 | Lair:3   | Found a transporter.
 17225 | Lair:3   | Found a transporter.
 17325 | Lair:3   | Found a staircase to the Swamp.
 17667 | Lair:3   | Found a staircase to the Snake Pit.
 17762 | Lair:3   | Identified a +6 giant spiked club of holy wrath (a +4 giant
                  | spiked club blessed by the Shining One)
 17762 | Lair:3   | Received a gift from the Shining One
 17810 | Lair:4   | Identified the +4 scale mail of the Raven {-Tele Rampage
                  | rPois MP+9 Dex+2}
 18145 | Lair:4   | Found a runed translucent door.
 18147 | Lair:4   | Found a staircase to the Slime Pits.
 18156 | Lair:4   | Reached XP level 15. HP: 156/167 MP: 14/14
 18253 | Lair:4   | Reached skill level 15 in Maces & Flails
 18365 | Lair:4   | Found a dark tunnel.
 18380 | Volcano  | Entered a volcano
 18600 | Volcano  | Found a burning altar of Makhleb.
 18647 | Volcano  | Found a radiant altar of Vehumet.
 19114 | Lair:5   | Entered Level 5 of the Lair of Beasts
 19942 | Lair:5   | Noticed Snorg
 19954 | Lair:5   | Killed Snorg
 20098 | Lair:5   | Reached skill level 16 in Maces & Flails
 20245 | Lair:5   | Found the +12 glaive of Prune {freeze, Prune}
 20899 | Orc:2    | Paralysed by an ogre mage for 3 turns
 21238 | Orc:2    | Found a staircase to the Elven Halls.
 21994 | Orc:2    | Found Xabbaff's Antique Weapon Boutique.
 21994 | Orc:2    | Found Ryum's Assorted Antiques.
 21995 | Orc:2    | Found Zufrewisa's Jewellery Shoppe.
 21995 | Orc:2    | Found Mysakit's Jewellery Shop.
 22005 | Orc:2    | Bought a scroll labelled ONAYPS QACEONK for 36 gold pieces
 22239 | Orc:2    | Bought a ring of poison resistance for 200 gold pieces
 22239 | Orc:2    | Bought a ring of willpower for 250 gold pieces
 22239 | Orc:2    | Bought an amulet of regeneration for 300 gold pieces
 22389 | D:9      | Found a runed translucent gate.
 22405 | D:9      | Found a runed translucent gate.
 22406 | D:9      | Found a runed translucent gate.
 22406 | D:9      | Found a runed translucent gate.
 22406 | D:9      | Found a runed translucent gate.
 22407 | D:9      | Found a runed translucent gate.
 22458 | D:9      | Acquired 425 gold pieces
 22552 | D:10     | Reached skill level 17 in Maces & Flails
 22552 | D:10     | Reached XP level 16. HP: 179/179 MP: 15/15
 22874 | Swamp:1  | Entered Level 1 of the Swamp
 22925 | Lair:3   | HP: 7/179 [eleionoma/spray of wooden splinters (67)]
 23423 | Swamp:1  | Found the +7 mace of Variability {chaos, chaos arc}
 24881 | Swamp:2  | Noticed a kraken
 24900 | Swamp:2  | Killed a kraken
 25543 | Swamp:3  | Reached skill level 18 in Maces & Flails
 26111 | Swamp:3  | Found a runed translucent gate.
 26112 | Swamp:3  | Found a runed translucent gate.
 26112 | Swamp:3  | Found a runed translucent gate.
 26113 | Swamp:3  | Noticed Zoigrime's ghost (adept FoFi)
 26113 | Swamp:3  | Noticed LynnLen's ghost (adept SpEn)
 26113 | Swamp:3  | Noticed sheffield53's ghost (journeyman MiBe)
 26171 | Swamp:4  | Entered Level 4 of the Swamp
 26397 | Swamp:4  | Noticed Bai Suzhen
 26455 | Swamp:4  | Found a frozen archway.
 26499 | IceCv    | Entered an ice cave
 26933 | IceCv    | Reached XP level 17. HP: 138/189 MP: 16/16
 27045 | IceCv    | Reached skill level 19 in Maces & Flails
 27157 | IceCv    | Identified the ring of Xiwniu {Will+ Str+8}
 27586 | Swamp:4  | Killed Bai Suzhen
 27660 | Swamp:4  | Noticed Louise
 27672 | Swamp:4  | Killed Louise
 27973 | Swamp:4  | Noticed the 27-headed Lernaean hydra
 28231 | Snake:1  | Entered Level 1 of the Snake Pit
 29017 | Snake:1  | Reached skill level 20 in Maces & Flails
 29131 | Snake:2  | Found a white marble altar of Elyvilon.
 30330 | Snake:1  | Reached XP level 18. HP: 184/198 MP: 17/17
 30596 | Snake:2  | You fall into a shaft and drop 1 floor!
 30800 | Snake:3  | Reached skill level 1 in Invocations
 31117 | Snake:3  | Reached skill level 21 in Maces & Flails
 31454 | Snake:3  | Found Ajoadili's Distillery.
 31496 | Snake:3  | Found Jaheor's Weapon Shop.
 31496 | Snake:3  | Found Maarural's Distillery.
 31499 | Snake:3  | Found Ubload's Book Shop.
 31501 | Snake:3  | Bought a potion of resistance for 150 gold pieces
 31897 | Snake:4  | Entered Level 4 of the Snake Pit
 32081 | Snake:4  | HP: 9/198 [naga warrior/+0 trident (4)]
 32088 | Snake:4  | Slain by a naga warrior

Illustrated notes

Levels and vault maps discovered:
D:1:      amcnicky_arrival_choice, layout_rooms, minmay_tromino_v4_c
D:2:      layout_basic, serial_shops, shop_scrolls, uniq_jessica
D:3:      layout_rooms
D:4:      layout_loops_ring, serial_co_window_serial,
          co_window_of_opportunity_a, co_window_cross_1, co_window_paths_b,
          co_window_paths_b, co_window_paths_a, co_window_2corner,
          co_window_unsneaky_path_b, co_window_of_opportunity_b,
          co_window_4corner_a, glass_columns_b, glass_columns_a,
          glass_columns_c, glass_columns_b, glass_columns_b,
          nicolae_goblin_pals, uniq_menkaure
D:5:      layout_basic
D:6:      layout_layer_cave, minmay_temple_entry_water_ring, grunt_tough_drop,
          uniq_blork_the_orc
D:7:      layout_rooms, nicolae_overflow_hidden_temple,
          minmay_overflow_temple_hex
D:8:      layout_cave_pods, tgw_sif, minivault_12, uniq_erica, uniq_amaemon
D:9:      gammafunk_indiana_jones, layout_cave_pools, minmay_lair_entry_grove
D:10:     kennysheep_windowed_halls, layout_loops_ring
D:11:     layout_layer_cave, dk_noncrumbling_4, uniq_sonja, uniq_maurice
D:12:     layout_gridville, orc_0_dummy, palyth_stone_intersect
D:13:     layout_basic, nicolae_shop_fire_sale [nicolae_sub_dead_trees],
          minmay_large_rounded_square, kennysheep_vampire_church
D:14:     layout_rooms, david_vaults_5, nicolae_trove_entry_columns,
          bh_walls_and_bars, nicolae_ru_path_of_blood, uniq_jorgrun
D:15:     grunt_enter_depths_snipers, layout_long_grid,
          nicolae_dithmenos_through_a_glass_darkly, serial_rivers,
          chequers_serial_rivers_micro_e, chequers_serial_rivers_large_b,
          chequers_serial_rivers_small_a, chequers_serial_rivers_marsh,
          chequers_serial_rivers_micro_d, corexii_hall_statues_l
Temple:   minmay_temple_curvy_branch
Lair:1:   layout_cave_pods, patterned_corridor, grunt_megastairs_2,
          lemuel_fruit_fields, uniq_gastronok
Lair:2:   layout_roguey, serial_bayou_shore_b, infiniplex_staircase_pool_2
Lair:3:   gammafunk_worm_tunnel, layout_chaotic_city, skrybe_swamp_entry_bodies,
          minmay_snake_entry_guardpost_small, grunt_megastairs_5
Lair:4:   layout_cave_pods, slime_entry_2, nicolae_volcano_entry_vermiform
Lair:5:   grunt_lair_end_beastmaster, layout_cave_pods, minivault_11,
          serial_bayou_pond_a, uniq_snorg
Swamp:1:  layout_falls_marsh, evilmike_swamp_ruin_house_6
Swamp:2:  layout_basic_swamp, evilmike_swamp_ruin_house_5,
          nicolae_swamp_thats_no_hydra
Swamp:3:  layout_falls_marsh, gammafunk_ghost_cemetery,
          evilmike_swamp_ruin_house_4
Swamp:4:  grunt_swamp_rune_castle, layout_basic_swamp,
          portal_ice_cave_entry_ugly_swarm, infiniplex_staircase_pool,
          uniq_bai_suzhen, uniq_louise
Snake:1:  layout_cave_shapes, st_stairs_13
Snake:2:  layout_onion_interference, basic_altar, drop_trap
Snake:3:  layout_cave_shapes, nicolae_snake_the_dead_are_slithering,
          minmay_shoptagon
Snake:4:  grunt_snake_rune_pools, layout_gridlike, serial_shops,
          nicolae_shop_rolling_square, abandoned_shop, corexii_hall_statues_s
Orc:1:    layout_caves
Orc:2:    st_orc_ogre_mass, layout_caves

Skill      XL: |  1  2  3  4  5  6  7  8  9 10 11 12 13 14 15 16 17 18 |
---------------+-------------------------------------------------------+-----
Maces & Flails | 2 3 4 5 6 7 9 10 12 14 17 18 20 21 | 21.3
Fighting       | 3 4 5 6 8 10 12 13 14 15 16 | 16.7
Throwing       | 3 8 |  8.0
Dodging        | 3 5 6 8 9 |  9.1
Armour         | 6 |  6.0
Invocations    | 3 |  3.3
Shields        | |  2.6

Action                     |  1- 3 |  4- 6 |  7- 9 | 10-12 | 13-15 | 16-18 || total
---------------------------+-------+-------+-------+-------+-------+-------++-------
  Melee: Unarmed           |    72 |       |       |     6 |       |       ||    78
         Dagger            |    33 |   147 |   145 |       |       |       ||   325
         Flail             |       |       |   102 |   329 |   895 |   915 ||  2241
         Whip              |       |       |       |       |    20 |   101 ||   121
  Throw: Dart              |       |     3 |     3 |     6 |    25 |     2 ||    39
         Boomerang         |       |       |       |       |     6 |    30 ||    36
 Invoke: Divine Shield     |       |       |     1 |     1 |       |       ||     2
         Brand Weapon With |       |       |       |       |     1 |       ||     1
  Evoke: Wand              |       |       |     3 |    12 |     5 |    10 ||    30
         Box of beasts     |       |       |       |       |     1 |     1 ||     2
    Use: Scroll            |       |     2 |       |    10 |    17 |     6 ||    35
         Potion            |       |       |       |       |     2 |     6 ||     8
   Stab: Sleeping          |     2 |       |       |       |       |       ||     2
 Armour: Robe              |    25 |    34 |       |       |       |       ||    59
         Animal skin       |       |       |    23 |       |       |       ||    23
         Steam dragon scal |       |       |    13 |    51 |       |       ||    64
         Skin              |       |       |       |     5 |       |       ||     5
         Troll leather arm |       |       |       |    13 |   150 |    95 ||   258
         Swamp dragon scal |       |       |       |       |       |   145 ||   145
  Dodge: Dodged            |    29 |    46 |    65 |    92 |   277 |   422 ||   931
  Block: Kite shield       |    43 |    50 |   104 |   203 |   581 |   431 ||  1412
         Reflection        |       |       |       |    17 |    21 |       ||    38
